Unix NetHack Version 3.7.0-62 Work-in-progress - last build Sep 11 2022 12:50:24 (50a4e0875b74f16bdbec0d79e29a59bb940978ed,branch:master). Game began 2022-08-29 10:28:13, ended 2022-11-21 12:33:39. wangpang, neutral male human Barbarian ------- ......| |.....| |.....| | G<..r.| ......C...... r..@h.| | -----.... ------- | Wangpang the Pillager St:17 Dx:18 Co:18 In:8 Wi:7 Ch:7 Neutral Dlvl:5 $:27 HP:0(33) Pw:8(8) AC:7 Xp:3/66 T:2027 Latest messages: Are you waiting to get hit? Are you waiting to get hit? Are you waiting to get hit? Are you waiting to get hit? Are you waiting to get hit? Are you waiting to get hit? Are you waiting to get hit? Are you waiting to get hit? Are you waiting to get hit? Are you waiting to get hit? YipYip misses the giant ant. The giant ant bites! YipYip misses the giant ant. YipYip bites the giant ant. The giant ant misses YipYip. The giant ant bites! The giant ant bites! YipYip misses the giant ant. The giant ant bites! YipYip misses the giant ant. The giant ant bites! You miss the giant ant. The giant ant bites! YipYip misses the dwarf. The giant ant bites! You smite the giant ant. YipYip misses the dwarf. The giant ant bites! The giant ant bites! You kill the giant ant! YipYip bites the dwarf. The dwarf swings her pick-axe at YipYip. The dwarf hits YipYip. YipYip is killed! The gnome opens a door. The sewer rat bites! The dwarf swings her pick-axe. The dwarf hits! The sewer rat bites! The bat misses! The sewer rat bites! The bat bites! You kill the bat! The sewer rat bites! You die... Do you want your possessions identified? [ynq] (y) Do you want to see your attributes? [ynq] (y) Do you want an account of creatures vanquished? [ynaq] (y) Do you want to see your conduct and achievements? [ynq] (y) Do you want to see the dungeon overview? [ynq] (y) Inventory: Coins $ - 27 gold pieces Weapons j - 16 uncursed +0 darts (at the ready) o - an uncursed +0 elven dagger b - a blessed +0 axe (weapon in hand) l - a cursed +0 long sword a - an uncursed +0 two-handed sword (alternate weapon; not wielded) Armor h - an uncursed +0 small shield c - an uncursed +0 ring mail (being worn) Comestibles r - an uncursed cream pie i - a cursed fortune cookie s - an uncursed tripe ration Scrolls p - 2 uncursed scrolls of confuse monster Potions q - a cursed potion of booze k - an uncursed potion of confusion e - a blessed potion of restore ability Wands t - an uncursed wand of make invisible (0:8) Tools g - a cursed skeleton key Gems/Stones f - an uncursed worthless piece of white glass n - 2 uncursed worthless pieces of yellow glass Wangpang the Barbarian's attributes: Background: You were a Pillager, a level 3 male human Barbarian. You were neutral, nominally on a mission for Crom who was opposed by Mitra (lawful) and Set (chaotic). You were in the Dungeons of Doom, on level 5. You entered the dungeon 2027 turns ago. You had 66 experience points, 14 more were needed to attain level 4. Basics: You had 0 out of 33 hit points. You had all 8 energy points (spell power). Your armor class was 7. Your wallet contained 27 zorkmids. Autopickup was on for '$?!/="+*' plus thrown, with exceptions. Final Characteristics: Your strength was 17 (limit:18/100). Your dexterity was 18 (limit:18). Your constitution was 18 (limit:18). Your intelligence was 8 (limit:18). Your wisdom was 7 (limit:18). Your charisma was 7 (limit:18). Final Status: You were not hungry. You were unencumbered. You were wielding an axe. You had basic skill with axe. Final Attributes: You were piously aligned. You were poison resistant. You were warded. You are dead. Miscellaneous: You never encountered a bones level. Total elapsed playing time was 29 minutes and 18 seconds. Major events: Turn 1: wangpang the neutral male human Barbarian entered the dungeon 602: entered the Gnomish Mines 1200: attained the rank of Pillager (level 3) 2027: killed by a sewer rat Vanquished creatures: a giant ant a little dog a coyote a gas spore a hobbit a yellow mold a garter snake 5 jackals a fox 2 kobolds 5 grid bugs 2 bats a lichen 7 newts 30 creatures vanquished. No species were genocided or became extinct. Voluntary challenges: You were an atheist. You were illiterate. You never engraved Elbereth. You never genocided any monsters. You never polymorphed an object. You never changed form. You used no wishes. Achievements: You entered the Gnomish Mines. You attained the rank of Pillager. You entered a shop. The Dungeons of Doom: levels 1 to 5 Level 1: Level 2: Stairs down to The Gnomish Mines. Level 3: A general store. Level 4: Some fountains. Level 5: <- You were here. Final resting place for you, killed by a sewer rat. The Gnomish Mines: Level 3: Game over: ---------- / \ / REST \ / IN \ / PEACE \ / \ | wangpang | | 27 Au | | killed by a | | sewer rat | | | | | | 2022 | *| * * * | * _________)/\\_//(\/(/\)/\//\/|_)_______ Goodbye wangpang the Barbarian... You died in The Dungeons of Doom on dungeon level 5 with 489 points, and 27 pieces of gold, after 2027 moves. You were level 3 with a maximum of 33 hit points when you died.